 Dungeon Sprint DCSS version 0.20-b1-24-gb21faa7 (webtiles) character file.

805 potatolord6000 the Fighter (level 7, -1/63 HPs)
             Began as a Demonspawn Gladiator on May 25, 2017.
             Was an Initiate of Gozag.
             Splashed by a brown ugly thing's acid (7 damage)
             ... in the Dungeon (Sprint IX: "|||||||||||||||||||||||||||||").
             The game lasted 00:02:18 (492 turns).

potatolord6000 the Fighter (Demonspawn Gladiator)    Turns: 492, Time: 00:02:19

Health: -1/63      AC: 11    Str: 19    XL:     7   Next: 60%
Magic:  7/7        EV: 14    Int: 13    God:    Gozag
Gold:   423        SH:  0    Dex: 24    Spells: 6/6 levels left

rFire    x . .     SeeInvis +   l - +2 scimitar of the Shallot {vamp, rF- Dex+10 SInv}
rCold    . . .     Gourm    .   (no shield)
rNeg     . . .     Faith    .   m - +1 chain mail
rPois    .         Spirit   .   c - +0 helmet
rElec    .         Reflect  .   a - +0 cloak
rCorr    .         Harm     .   (no gloves)
MR       .....     NoTele   +   f - +0 pair of boots
Stlth    ..........             (no amulet)
Regen    0.2/turn               n - +3 ring of strength
MPRegen  0.1/turn               b - +3 ring of intelligence

@: corroded
A: rot immunity
a: Potion Petition, Call Merchant, Bribe Branch, Renounce Religion


You were in the Dungeon.
You worshipped Gozag.
Gozag was aware of your devotion.
You were not hungry.

You visited 1 branch You collected 423 gold pieces.

Inventory:

Hand Weapons
 l - the +2 scimitar of the Shallot (weapon) {vamp, rF- Dex+10 SInv}
   (You found it in the Dungeon)

   It inflicts no extra harm, but heals its wielder when it wounds a living foe.
   It affects your dexterity (+10).
   It makes you vulnerable to fire.
   It lets you see invisible.
Armour
 a - a +0 cloak (worn)
 c - a +0 helmet (worn)
 f - a +0 pair of boots (worn)
 m - a +1 chain mail (worn)
Jewellery
 b - a +3 ring of intelligence (right hand)
 n - a +3 ring of strength (left hand)
Scrolls
 h - 3 scrolls of remove curse
 j - 2 scrolls of amnesia
 k - 2 scrolls of blinking
Potions
 d - a potion of invisibility
 e - 4 potions of curing
 g - 2 potions of heal wounds
 i - 4 potions of magic


   Skills:
 + Level 8.7 Fighting
 + Level 8.2 Long Blades
 - Level 1.7 Throwing
 + Level 7.6 Armour
 + Level 8.2 Dodging


You had 6 spell levels left.
You didn't know any spells.

Dungeon Overview and Level Annotations

Branches:
Dungeon (1/1)

Altars:
Cheibriados
Dithmenos
Elyvilon
Fedhas
Gozag
Hepliaklqana
Kikubaaqudgha
Makhleb
Nemelex Xobeh
Okawaru
Qazlal
Ru
Sif Muna
Trog
Uskayaw
Vehumet
Xom
Yredelemnul
Zin
The Shining One
Beogh
Jiyva
Lugonu


Innate Abilities, Weirdness & Mutations

You are immune to rotting.


Message History

Unknown command.
You slash the brown ugly thing!
The brown ugly thing is heavily wounded.
The brown ugly thing bites you but does no damage.
The orc warrior hits you from afar with a trident!
Unknown command.
You barely miss the brown ugly thing.
The brown ugly thing is heavily wounded.
The brown ugly thing bites you.
* * * LOW HITPOINT WARNING * * *
You are splashed with acid!
The acid burns!
* * * LOW HITPOINT WARNING * * *
Unknown command.
You hit the brown ugly thing.
You feel better.
The brown ugly thing is heavily wounded.
The orc warrior completely misses you. The brown ugly thing bites you.
* * * LOW HITPOINT WARNING * * *
The acid corrodes you!
You are splashed with acid!
The acid burns!
You die...
Your body crumbles into a pile of gold.

▓+▓
▓W▓
▓H▓
▓O▓
▓a▓
▓o▓
▓u▓
▓@▓
$
▓.▓
$
▓.▓
$
▓.▓
$
▓.▓
$ $
▓.▓
▓)▓
$
▓)▓
▓.▓


You could see a brown ugly thing, a hippogriff, an orc warrior, an ogre, a
shadow (invisible) and a worker ant.

Vanquished Creatures
  An ice beast (D)
  An orc warrior (D)
  An ogre (D)
  A centaur (D)
  2 crimson imps (D)
  A jelly (D)
  2 worker ants (D)
  A bat skeleton (D)
  A bat (D)
  2 kobolds (D)
  2 rats (D)
15 creatures vanquished.

Vanquished Creatures (others)
  An unseen horror (D)
1 creature vanquished.

Grand Total: 16 creatures vanquished

Notes
Turn   | Place    | Note
-------+----------+-------------------------------------------
     0 | D        | potatolord6000 the Demonspawn Gladiator began the quest for the Orb.
     0 | D        | Reached XP level 1. HP: 16/16 MP: 1/1
    16 | D        | Reached skill level 1 in Armour
   253 | D        | Noticed an ogre
   253 | D        | Noticed an ice beast
   253 | D        | Noticed a jelly
   253 | D        | Noticed a worker ant
   253 | D        | Noticed a crimson imp
   267 | D        | Killed a crimson imp
   267 | D        | Gained mutation: You are immune to rotting. [demonic ancestry]
   267 | D        | Reached XP level 2. HP: 15/25 MP: 2/2
   267 | D        | Reached XP level 3. HP: 18/30 MP: 3/3
   279 | D        | Reached XP level 4. HP: 26/38 MP: 4/4
   282 | D        | Killed an ice beast
   282 | D        | Reached skill level 5 in Fighting
   282 | D        | Reached skill level 5 in Long Blades
   282 | D        | Reached skill level 5 in Dodging
   282 | D        | Reached XP level 5. HP: 32/46 MP: 5/5
   287 | D        | Killed an ogre
   287 | D        | Reached skill level 5 in Armour
   287 | D        | Reached XP level 6. HP: 38/53 MP: 6/6
   293 | D        | Found a roughly hewn altar of Beogh.
   293 | D        | Found a snail-covered altar of Cheibriados.
   293 | D        | Found a shadowy altar of Dithmenos.
   293 | D        | Found a white marble altar of Elyvilon.
   293 | D        | Found a blossoming altar of Fedhas.
   293 | D        | Found an opulent altar of Gozag.
   294 | D        | Found a hazy altar of Hepliaklqana.
   295 | D        | Found a viscous altar of Jiyva.
   296 | D        | Found an ancient bone altar of Kikubaaqudgha.
   297 | D        | Found a corrupted altar of Lugonu.
   298 | D        | Found a burning altar of Makhleb.
   299 | D        | Found a sparkling altar of Nemelex Xobeh.
   300 | D        | Found an iron altar of Okawaru.
   301 | D        | Became a worshipper of Gozag Ym Sagoz the Greedy
   302 | D        | Found a stormy altar of Qazlal.
   303 | D        | Found a sacrificial altar of Ru.
   304 | D        | Found a deep blue altar of Sif Muna.
   305 | D        | Found a bloodstained altar of Trog.
   306 | D        | Found a hide-covered altar of Uskayaw.
   307 | D        | Found a radiant altar of Vehumet.
   309 | D        | Found a shimmering altar of Xom.
   310 | D        | Found a basalt altar of Yredelemnul.
   311 | D        | Found a glowing silver altar of Zin.
   312 | D        | Found a glowing golden altar of the Shining One.
   330 | D        | Got the +2 scimitar of the Shallot {vamp, rF- Dex+10 SInv}
   435 | D        | Noticed an unseen horror
   435 | D        | Noticed an orc warrior
   448 | D        | Killed an orc warrior
   452 | D        | Killed an unseen horror
   452 | D        | Reached XP level 7. HP: 63/63 MP: 7/7
   473 | D        | Noticed a shadow
   473 | D        | Noticed a hippogriff
   473 | D        | Noticed a brown ugly thing
   492 | D        | Splashed by a brown ugly thing's acid

Skill      XL: |  1  2  3  4  5  6 |
---------------+-------------------+-----
Armour         | 2 3 4 5 7 |  7.6
Dodging        | 3 4 5 6 8 |  8.2
Fighting       | 3 4 5 6 8 |  8.7
Long Blades    | 3 4 5 6 8 |  8.2
Throwing       | |  1.7

Action                   |  1- 3 |  4- 6 |  7- 9 || total
-------------------------+-------+-------+-------++-------
Melee: Long sword        |    35 |     8 |       ||    43
       Scimitar          |       |    15 |    22 ||    37
  Use: Potion            |     3 |     1 |       ||     4
  Eat: Bread ration      |       |     1 |       ||     1
Armor: Leather armour    |     6 |       |       ||     6
       Chain mail        |       |     5 |     4 ||     9
Dodge: Dodged            |    15 |    10 |    13 ||    38
       Rpst.: Long sword |     6 |     2 |       ||     8
       Scimitar          |       |     2 |     2 ||     4
